 Dungeon Crawl Stone Soup version 0.27-a0-1448-g9c78c815f3 (webtiles) character file.

Game seed: 3354483436853329879

2117 AarnesTheHuman the Blocker (level 9, -7/74 HPs)
             Began as a Formicid Fighter on July 5, 2021.
             Was a Priest of Okawaru.
             Mangled by a gnoll sergeant (9 damage)
             ... in a bailey.
             The game lasted 00:14:29 (6982 turns).

AarnesTheHuman the Blocker (Formicid Fighter)       Turns: 6982, Time: 00:14:29

Health: -7/74      AC: 21    Str: 25    XL:     9   Next: 54%
Magic:  12/12      EV:  7    Int:  7    God:    Okawaru [***...]
Gold:   232        SH: 13    Dex: 10    Spells: 8/8 levels left

rFire    . . .     SeeInvis +   n - +7 whip of Courage {protect, rElec rCorr}
rCold    . . .     Faith    .   c - +1 kite shield
rNeg     . . .     Spirit   .   o - +0 plate armour
rPois    +         Reflect  .   (helmet unavailable)
rElec    +         Harm     .   (no cloak)
rCorr    +         Rampage  .   q - +0 pair of gloves
Will     .....                  (no boots)
Stlth    ..........             j - amulet of the acrobat
HPRegen  0.22/turn              g - ring of poison resistance
MPRegen  0.13/turn              (no ring)

@: under a protective aura
A: permanent stasis, dig shafts and tunnels, antennae 3, four strong arms
a: Dig, Renounce Religion, Heroism


You were in a bailey.
You worshipped Okawaru.
Okawaru was most pleased with you.
You visited 2 branches of the dungeon, and saw 8 of its levels.
You also visited: Ossuary and Bailey.

You collected 232 gold pieces.

Inventory:

Hand Weapons
 a - a +0 quarterstaff
 i - a +3 dagger of venom
 n - the +7 whip of Courage (weapon) {protect, rElec rCorr}
   (You found it on level 5 of the Dungeon)

   It grants its wielder temporary protection when it strikes (+7 to AC).
   rElec:     It insulates you from electricity.
   rCorr:     It protects you from acid and corrosion.
Missiles
 f - 22 poisoned darts
 l - 45 bolts
Armour
 b - a +0 scale mail
 c - a +1 kite shield (worn)
 o - a +0 plate armour (worn)
 q - a +0 pair of gloves (worn)
Jewellery
 g - a ring of poison resistance (left hand)
 j - an amulet of the acrobat (around neck)
Wands
 e - a wand of polymorph (9)
Scrolls
 m - a scroll of identify
 u - 2 scrolls of enchant weapon
Potions
 h - 2 potions of attraction
 k - a potion of flight
 p - a potion of magic
 r - a potion of brilliance
 s - a potion of degeneration {unknown}
 v - a potion of lignification {unknown}


   Skills:
 + Level 7.8 Fighting
 - Level 2.0 Staves
 + Level 7.9 Armour
 - Level 9.0 Shields
 - Level 4.0 Invocations


You had 8 spell levels left.
You didn't know any spells.
Your spell library contained the following spells:

 Spells                   Type           Power      Damage    Failure   Level
 Slow                     Hex            0%         N/A       100%        2
 Confusing Touch          Hex            0%         N/A       100%        3
 Lesser Beckoning         Tloc           0%         N/A       100%        3
 Vampiric Draining        Necr           0%         2d6       100%        3
 Manifold Assault         Tloc           0%         N/A       100%        5
 Blink                    Tloc           Unusable   N/A       N/A         2

Dungeon Overview and Level Annotations

Branches:
Dungeon (7/15)             Temple (1/1) D:5         Ossuary (visited)
 Bailey (1/1)

Altars:
Ashenzari
Cheibriados
Dithmenos
Elyvilon
Fedhas
Gozag
Hepliaklqana
Kikubaaqudgha
Makhleb
Okawaru
Qazlal
Ru
Sif Muna
Trog
Uskayaw
Wu Jian
Xom
Yredelemnul
Zin
The Shining One

Annotations:
D:6 5 runed translucent doors, exclusion: 3 doors


Innate Abilities, Weirdness & Mutations

You cannot be hasted, slowed, berserked, paralysed or teleported.
You can dig through walls and to a lower floor.
You have a pair of large antennae on your head. (SInv)
Your four strong arms can wield two-handed weapons with a shield.


Message History

The gnoll sergeant closely misses you.
You hit the gnoll sergeant.
The gnoll sergeant is moderately wounded.
The gnoll sergeant hits you with a +0 halberd.
* * * LOW HITPOINT WARNING * * *
You block the gnoll sergeant's attack.
You feel much better.
The gnoll sergeant hits you with a +0 halberd.
* * * LOW HITPOINT WARNING * * *
You hit the gnoll sergeant but do no damage.
The gnoll sergeant is moderately wounded.
The gnoll sergeant hits you but does no damage.
The gnoll sergeant hits you with a +0 halberd!
* * * LOW HITPOINT WARNING * * *
You hit the gnoll sergeant.
The gnoll sergeant is moderately wounded.
You block the gnoll sergeant's attack. x2
You whack the gnoll sergeant!
The gnoll sergeant is severely wounded.
You block the gnoll sergeant's attack.
You hit the gnoll sergeant but do no damage.
The gnoll sergeant is severely wounded.
The gnoll sergeant hits you but does no damage.
You block the gnoll sergeant's attack.
You hit the gnoll sergeant but do no damage.
The gnoll sergeant is severely wounded.
The gnoll sergeant hits you with a +0 halberd!
* * * LOW HITPOINT WARNING * * *
You closely miss the gnoll sergeant.
The gnoll sergeant is severely wounded.
You block the gnoll sergeant's attack. The gnoll sergeant barely misses you.
You hit the gnoll sergeant but do no damage.
The gnoll sergeant is severely wounded.
You block the gnoll sergeant's attack.
You hit the gnoll sergeant but do no damage.
The gnoll sergeant is severely wounded.
The gnoll sergeant hits you with a +0 halberd!
* * * LOW HITPOINT WARNING * * *
The gnoll sergeant hits you with a +0 halberd!
You die...

♣♣♣♣♣♣♣♣♣♣♣♣♣♣♣♣
♣♣≈≈≈≈≈≈≈≈≈≈≈≈≈≈≈
♣≈≈.))@g.........
♣≈.)..)).........
♣≈..#####...####
♣≈.##...#...#
♣≈##....(().+ {
♣≈#.....#...#
♣≈#8....##'##
♣≈#....##...## {
♣≈#...##.....##


You could see a gnoll sergeant (fast).

Vanquished Creatures
  A steam dragon (D:7)
  Menkaure (D:6)
  A black bear (D:6)
  An orc warrior (D:6)
  An ice beast (D:6)
  A sky beast (D:6)
  A hornet zombie (D:6)
  An ogre (D:4)
  2 phantoms (D:5)
  3 gnoll sergeants (Bailey)
  A howler monkey (D:6)
  2 jellies
  A bullfrog skeleton (D:7)
  3 gnoll shamans (Bailey)
  2 orc priests
  A centaur skeleton (D:7)
  5 hounds
  An iguana (D:6)
  2 orc wizards (D:6)
  A scorpion zombie (D:5)
  A killer bee zombie (D:6)
  2 mummies
  A howler monkey zombie (D:5)
  7 adders
  10 gnolls (Bailey)
  A howler monkey skeleton (D:4)
  A shadow imp (D:6)
  2 worms
  2 dart slugs
  7 orcs
  6 spectral bats (Ossuary)
  9 ball pythons
  5 endoplasms
  3 giant cockroaches
  12 gnoll zombies (Ossuary)
  5 goblins
  7 hobgoblins
  3 jackals (D:2)
  A quokka (D:2)
  5 bats (D:1)
  2 bat simulacra (Ossuary)
  A frilled lizard (D:1)
  2 goblin simulacra (Ossuary)
  5 goblin zombies (Ossuary)
  5 hobgoblin zombies (Ossuary)
  6 kobolds
  7 kobold simulacra (Ossuary)
  6 kobold zombies (Ossuary)
  2 orc zombies (Ossuary)
  6 rats
  2 rat simulacra (Ossuary)
  2 spectral goblins (Ossuary)
  2 spectral kobolds (Ossuary)
  3 spectral rats (Ossuary)
173 creatures vanquished.

Vanquished Creatures (collateral kills)
  A necrophage (D:4)
1 creature vanquished.

Vanquished Creatures (others)
  A plant (D:5)
1 creature vanquished.

Grand Total: 175 creatures vanquished

Notes
Turn   | Place    | Note
-------+----------+-------------------------------------------
     0 | D:1      | AarnesTheHuman the Formicid Fighter began the quest for the
                  | Orb.
     0 | D:1      | Reached XP level 1. HP: 18/18 MP: 1/1
    60 | D:1      | You fall into a shaft and drop 1 floor!
   208 | D:2      | Reached skill level 4 in Shields
   208 | D:2      | Reached XP level 2. HP: 24/24 MP: 2/2
   568 | D:2      | Reached XP level 3. HP: 29/29 MP: 3/3
   591 | D:1      | Found a faded altar of an unknown god.
  1743 | D:2      | Reached XP level 4. HP: 37/37 MP: 4/4
  2473 | D:3      | Reached skill level 5 in Shields
  2473 | D:3      | Reached XP level 5. HP: 27/42 MP: 5/5
  2908 | D:4      | Noticed a necrophage
  2919 | D:4      | Killed a necrophage
  3075 | D:4      | Reached XP level 6. HP: 12/49 MP: 6/6
  3438 | D:4      | Reached skill level 6 in Shields
  4003 | D:5      | Entered Level 5 of the Dungeon
  4003 | D:5      | Noticed an ogre
  4020 | D:4      | Killed an ogre
  4211 | D:5      | Found a staircase to the Ecumenical Temple.
  4238 | Temple   | Entered the Ecumenical Temple
  4437 | Temple   | Became a worshipper of Warmaster Okawaru
  4474 | D:5      | Identified the +7 whip of Courage {protect, rElec rCorr}
  4550 | D:5      | Reached skill level 5 in Fighting
  4550 | D:5      | Reached skill level 5 in Armour
  4550 | D:5      | Reached XP level 7. HP: 48/56 MP: 7/7
  4625 | D:5      | Reached skill level 7 in Shields
  5061 | D:6      | Reached * piety under Okawaru
  5120 | D:6      | Found the +9 staff of Olgreb {rPois∞}
  5122 | D:6      | Found a runed translucent door.
  5127 | D:6      | Found a runed translucent gate.
  5127 | D:6      | Found a runed translucent gate.
  5127 | D:6      | Noticed a redback
  5127 | D:6      | Noticed a redback
  5127 | D:6      | Noticed a redback
  5128 | D:6      | Found a runed translucent door.
  5141 | D:6      | Reached XP level 8. HP: 55/63 MP: 8/8
  5151 | D:6      | Found a runed translucent gate.
  5153 | D:6      | Noticed a redback
  5176 | D:6      | Found a glowing silver altar of Zin.
  5176 | D:6      | Found a burning altar of Makhleb.
  5177 | D:6      | Noticed an Executioner
  5177 | D:6      | Noticed an angel
  5202 | D:6      | Reached skill level 8 in Shields
  5290 | D:6      | Found a sand-covered staircase.
  5299 | Ossuary  | Entered an ossuary
  5891 | D:6      | Reached ** piety under Okawaru
  5994 | D:6      | Reached skill level 9 in Shields
  5994 | D:6      | Reached skill level 1 in Invocations
  6152 | D:6      | Noticed Menkaure
  6161 | D:6      | Killed Menkaure
  6162 | D:6      | Reached XP level 9. HP: 71/71 MP: 9/11
  6444 | D:7      | Found a flagged portal.
  6474 | Bailey   | Entered a bailey
  6642 | Bailey   | Reached *** piety under Okawaru
  6973 | Bailey   | HP: 3/74 [gnoll sergeant (6)]
  6982 | Bailey   | HP: 2/74 [gnoll sergeant (7)]
  6982 | Bailey   | Mangled by a gnoll sergeant

Illustrated notes

Levels and vault maps discovered:
D:1:      roderic_chinese_lattice_arrival, layout_basic,
          ebering_ecumenical_altar_hall
D:2:      layout_rooms
D:3:      layout_loops_ring
D:4:      layout_cave_pools, kennysheep_cross_room, kennysheep_minor_cross
D:5:      layout_rooms, minmay_temple_entry_gardened_gates,
          serial_bayou_crossing
D:6:      layout_basic, grunt_temple_overflow_order_and_chaos_2,
          gup_ossuary_entry_pyramid, minmay_guarded_unrand_staff_of_olgreb,
          uniq_menkaure
D:7:      layout_rooms, enter_bailey_6
Temple:   eino_narrow_crystal_temple
Bailey:   bailey_polearm_gnolls_kennysheep, bailey

Skill      XL: |  1  2  3  4  5  6  7  8  9 |
---------------+----------------------------+-----
Shields        | 4 5 6 7 9 |  9.0
Armour         | 4 5 6 7 |  7.9
Fighting       | 4 5 6 7 |  7.8
Invocations    | 2 4 |  4.0
Staves         | |  2.0

Action                   |  1- 3 |  4- 6 |  7- 9 || total
-------------------------+-------+-------+-------++-------
Melee: Quarterstaff      |    67 |       |       ||    67
       Dagger            |    32 |   119 |       ||   151
       Whip              |       |    18 |   419 ||   437
Invok: Heroism           |       |       |     1 ||     1
  Use: Scroll            |       |     5 |     7 ||    12
       Potion            |       |       |     3 ||     3
Armor: Scale mail        |    33 |     4 |       ||    37
       Plate armour      |       |    38 |   185 ||   223
Dodge: Dodged            |    28 |    18 |   121 ||   167
Block: Kite shield       |    39 |    77 |   300 ||   416

Table legend: (Time is in decaauts)
 A = Elapsed time spent in this place.
 B = Non-inter-level travel time spent in this place.
 C = Inter-level travel time spent in this place.
 D = Time resting spent in this place.
 E = Time spent auto-exploring this place.
 F = Levels seen in this place.
 G = Mean time per level.
                   A        B        C        D        E       F      G
               +--------+--------+--------+--------+--------+-----+--------+
         Total |   7057 |   6810 |    247 |   1299 |   3777 |  10 |  705.7 |
       Dungeon |   5893 |   5680 |    213 |    993 |   3508 |   7 |  841.9 |
        Temple |    214 |    180 |     34 |      0 |    178 |   1 |  214.0 |
       Ossuary |    440 |    440 |      0 |      0 |     91 |   1 |  440.0 |
        Bailey |    508 |    508 |      0 |    306 |      0 |   1 |  508.0 |
               +--------+--------+--------+--------+--------+-----+--------+

Top non-repeatable levels by time:
     D:3: 1125 daAuts
     D:4: 1106 daAuts
     D:1: 1095 daAuts
     D:6: 966 daAuts
     D:2: 910 daAuts
     D:5: 658 daAuts
  Bailey: 508 daAuts
 Ossuary: 440 daAuts
  Temple: 214 daAuts
     D:7: 30 daAuts
